 Dungeon Crawl Stone Soup version 0.23-a0-767-gdc19b93 (console) character file.

102 Duffy the Magician (level 4, -1/40 HPs)
             Began as a Naga Wizard on Jan 19, 2019.
             Slain by a goblin
             ... wielding a +0 club
             ... led by Robin
              (4 damage)
             ... on level 3 of the Dungeon.
             The game lasted 00:03:02 (3530 turns).

Duffy the Magician (Naga Wizard)                    Turns: 3530, Time: 00:03:02

Health: -1/40      AC:  3    Str:  9    XL:     4   Next: 78%
Magic:  9/9        EV: 10    Int: 19    God:
Gold:   76         SH:  0    Dex: 10    Spells: 2/10 levels left

rFire    . . .     SeeInvis +   o - +4 dagger
rCold    . . .     Gourm    .   (no shield)
rNeg     + . .     Faith    .   a - +0 robe
rPois    +         Spirit   .   b - +0 hat
rElec    .         Reflect  .   (no cloak)
rCorr    .         Harm     .   n - +0 pair of gloves
MR       .....                  (no barding)
Stlth    ++........             (no amulet)
HPRegen  0.13/turn              l - ring of positive energy
MPRegen  0.11/turn              (no ring)

@: very slow
A: large, see invisible, deformed body, poison resistance, slowness 2, slow
metabolism 1, spit poison 1, AC +1
a: Spit Poison


You were on level 3 of the Dungeon.
You were hungry.

You visited 1 branch of the dungeon, and saw 3 of its levels.

You collected 76 gold pieces.

Inventory:

Hand Weapons
 c - a +0 spear
 o - a +4 dagger (weapon)
Armour
 a - a +0 robe (worn)
 b - a +0 hat (worn)
 n - a +0 pair of gloves (worn)
Jewellery
 k - an uncursed ring of fire
 l - a ring of positive energy (left hand)
Scrolls
 e - a scroll of fear {unknown}
 h - a scroll of noise {unknown}
 i - 2 scrolls of teleportation {unknown}
 p - 2 scrolls of identify {unknown}
 q - a scroll of magic mapping {unknown}
 r - a scroll of remove curse {unknown}
 t - 2 scrolls of amnesia {unknown}
Potions
 f - 2 potions of mutation {unknown}
 g - a potion of heal wounds {unknown}
 j - a potion of lignification {unknown}
 m - a potion of degeneration {unknown}
 s - a potion of resistance {unknown}
Comestibles
 d - 6 rations
 u - 9 chunks of flesh


   Skills:
 + Level 2.9 Fighting
 - Level 1.5 Dodging
 - Level 3.0 Stealth
 - Level 3.5 Spellcasting
 - Level 2.2 Conjurations
 - Level 1.0 Summonings
 - Level 1.0 Translocations


You had 2 spell levels left.
You knew the following spells:

 Your Spells              Type           Power        Failure   Level  Hunger
h - Magic Dart            Conj           ##..         6%          1    None
i - Call Imp              Summ           #.......     14%         2    ##.....
l - Conjure Flame         Conj/Fire      #.......     26%         3    ###....
B - Blink                 Tloc           N/A          14%         2    ##.....

Your spell library contained the following spells:

 Spells                   Type           Power        Failure   Level  Hunger
 Slow                     Hex            #.......     22%         2    ##.....
 Mephitic Cloud           Conj/Pois/Air  #.......     32%         3    ###....


Dungeon Overview and Level Annotations

Branches:
Dungeon (3/15)

Altars:

Annotations:
D:3 Robin


Innate Abilities, Weirdness & Mutations

You cannot wear boots.
Your serpentine skin is tough. (AC +1)
You have supernaturally acute eyesight. (SInv)
Armour fits poorly on your strangely shaped body.
Your system is resistant to poisons. (rPois)
You cover ground very slowly.
You have a slow metabolism.
You can spit poison.


Message History

Unknown command.
You hit the goblin.
You kill the goblin!
Robin throws the goblin at you!
You closely miss the goblin.
You have got your breath back.
The goblin misses you.
Robin hits you from afar with a +0 spear.
You closely miss the goblin.
Robin roars a battlecry!
The goblin goes into a battle-frenzy!
The goblin barely misses you.
You closely miss the goblin. Robin hits you but does no damage.
The goblin hits you with a +0 club.
A goblin comes into view. It is wielding a +1 dagger of freezing.
The goblin hits you.
You hit the goblin.
The goblin is severely wounded.
Robin closely misses you. The goblin hits you with a +0 club.
You die...

#......# #####.##
#. ..# #.# .. #.#
#.# ##. #.# ##.##
# #.. #.# #...#
#.#.. ##.# #..##
###.... ..# #g##
.......####.# #@#
.#...%g...###g#
#........#..g)gg#
#..##..#.##g#####
. .##..#.##.#
........g.#
#####.%g### #.w.#
#...#


You could see Robin and 3 goblins.

Vanquished Creatures
  2 oozes (D:3)
  2 worms
  A dart slug (D:1)
  A leopard gecko (D:2)
  5 orcs
  3 ball pythons
  8 bats
  2 giant cockroaches
  11 goblins
  10 hobgoblins
  7 jackals
  7 kobolds
  2 quokkas (D:2)
  2 frilled lizards
  8 rats
71 creatures vanquished.

Notes
Turn   | Place    | Note
-------+----------+-------------------------------------------
     0 | D:1      | Duffy the Naga Wizard began the quest for the Orb.
     0 | D:1      | Reached XP level 1. HP: 15/15 MP: 4/4
   347 | D:1      | Reached XP level 2. HP: 12/22 MP: 6/6
   675 | D:1      | Learned a level 2 spell: Blink
   678 | D:1      | Learned a level 2 spell: Call Imp
  1039 | D:1      | Reached XP level 3. HP: 21/28 MP: 8/8
  1044 | D:1      | Learned a level 3 spell: Conjure Flame
  2118 | D:2      | Reached skill level 1 in Fighting
  2707 | D:2      | Reached XP level 4. HP: 38/38 MP: 9/9
  3488 | D:3      | Noticed Robin
  3530 | D:3      | Slain by a goblin

Vault maps used:
D:1:      noname_arrival_rooms_in_the_neighbourhood
D:3:      minmay_misc_feat_cross, minmay_circle_x, uniq_robin

Skill      XL: |  1  2  3  4 |
---------------+-------------+-----
Conjurations   | 2 |  2.2
Fighting       | 1 2 |  2.9
Dodging        | |  1.5
Stealth        | |  3.0
Spellcasting   | |  3.5
Summonings     | |  1.0
Translocations | |  1.0

Action                   |  1- 3 |  4- 6 || total
-------------------------+-------+-------++-------
Melee: Spear             |    54 |       ||    54
       Dagger            |    60 |    85 ||   145
 Cast: Magic Dart        |    21 |       ||    21
 Abil: Spit Poison       |     8 |     7 ||    15
 Stab: Sleeping          |     5 |     2 ||     7
  Eat: Chunk             |     4 |     2 ||     6
Armor: Robe              |    27 |    39 ||    66
Dodge: Dodged            |    87 |    79 ||   166

Table legend:
 A = Non-vault XP
 B = Vault XP
 C = Vault XP percentage of total XP
 D = Non-vault monster count
 E = Vault monster count
 F = Vault count percentage of total count
                 A         B        C        D         E       F
            +---------+---------+-------+---------+---------+-------
      Total |     122 |      25 |  17.0 |      60 |      11 |  15.5
            +---------+---------+-------+---------+---------+-------
        D:1 |      44 |       0 |   0.0 |      23 |       0 |   0.0
        D:2 |      47 |       0 |   0.0 |      24 |       0 |   0.0
        D:3 |      31 |      25 |  44.6 |      13 |      11 |  45.8
            +---------+---------+-------+---------+---------+-------
